 Dungeon Crawl Stone Soup version 0.29-a0-194-g6e3aafee17 (webtiles) character file.

Game seed: 4255754564993679124

102 cyrus the Skirmisher (level 4, 0/41 HPs)
             Began as a Hill Orc Fighter on Feb 22, 2022.
             Slain by a black bear (2 damage)
             ... on level 4 of the Dungeon.
             The game lasted 00:05:48 (3212 turns).

cyrus the Skirmisher (Hill Orc Fighter)             Turns: 3212, Time: 00:05:50

Health: 0/41       AC: 13    Str: 21    XL:     4   Next: 77%
Magic:  4/4        EV:  7    Int: 10    God:
Gold:   113        SH:  4    Dex: 10    Spells: 3/3 levels left

rFire   . . .      SeeInvis .   a - +0 war axe
rCold   . . .      Faith    .   c - +0 buckler
rNeg    . . .      Spirit   .   o - +0 chain mail
rPois   .          Reflect  .   (no helmet)
rElec   .          Harm     .   (no cloak)
rCorr   .          Rampage  .   i - +2 pair of gloves {Str+3}
Will    .....                   g - +0 pair of boots
Stlth   ..........              (no amulet)
HPRegen 0.13/turn               (no ring)
MPRegen 0.09/turn               (no ring)

@: mighty
A: no striking features
a: no special abilities


You were on level 4 of the Dungeon.
You visited 1 branch of the dungeon, and saw 4 of its levels.

You collected 113 gold pieces.

Inventory:

Hand Weapons
 a - a +0 war axe (weapon)
Armour
 b - a +0 scale mail
 c - a +0 buckler (worn)
 g - a +0 pair of boots (worn)
 i - a +2 pair of gloves of strength (worn)
 o - a +0 chain mail (worn)
Jewellery
 k - a ring of fire
Wands
 p - a wand of flame (25)
Scrolls
 e - 4 scrolls of identify {unknown}
 f - 5 scrolls of teleportation {unknown}
 j - a scroll of magic mapping {unknown}
 m - a scroll of immolation {unknown}
 q - a scroll of blinking {unknown}
Potions
 h - a potion of brilliance {unknown}
 l - 2 potions of degeneration {unknown}
 n - 2 potions of flight {unknown}


   Skills:
 + Level 4.6 Fighting
 + Level 4.4 Axes
 + Level 3.7 Armour
 + Level 0.2 Dodging
 + Level 3.8 Shields


You had 3 spell levels left.
You didn't know any spells.
Your spell library contained the following spells:

 Spells                   Type           Power      Damage    Failure   Level
 Apportation              Tloc           0%         N/A       99%         1
 Beastly Appendage        Tmut           0%         N/A       99%         1
 Magic Dart               Conj           0%         1d3       99%         1
 Call Imp                 Summ           0%         N/A       100%        2
 Wereblood                Tmut           0%         N/A       100%        2
 Mephitic Cloud           Conj/Pois/Air  0%         N/A       100%        3
 Spider Form              Tmut/Pois      0%         N/A       100%        3
 Alistair's Intoxication  Tmut/Pois      0%         N/A       100%        5


Dungeon Overview and Level Annotations

Branches:
Dungeon (4/15)
 Temple: D:4-7

Altars:
Ru

Shops:
D:4 *!

Annotations:
D:4 Pikel


Message History

The black bear is severely wounded.
The black bear goes berserk!
You barely miss the black bear.
The black bear is severely wounded.
The black bear bites you but does no damage.
The black bear claws you but does no damage.
The black bear claws you.
The black bear bites you but does no damage.
The black bear claws you but does no damage.
The black bear claws you.
You closely miss the black bear.
The black bear is severely wounded.
The black bear barely misses you.
The black bear claws you but does no damage.
The black bear claws you.
The black bear bites you but does no damage.
The black bear claws you but does no damage.
You block the black bear's attack.
You closely miss the black bear.
The black bear is severely wounded.
The black bear bites you! The black bear barely misses you.
The black bear claws you. The black bear bites you!
* * * LOW HITPOINT WARNING * * *
The black bear claws you but does no damage. x2
You closely miss the black bear.
The black bear is severely wounded.
The black bear bites you but does no damage.
The black bear claws you but does no damage. x2
The black bear completely misses you. The black bear claws you.
* * * LOW HITPOINT WARNING * * *
The black bear claws you.
* * * LOW HITPOINT WARNING * * *
You barely miss the black bear.
The black bear is severely wounded.
The black bear bites you but does no damage.
The black bear claws you but does no damage. x2
The black bear barely misses you.
The black bear claws you but does no damage.
The black bear claws you.
You die...

###+##########.
.................
..................
..................
...).............
................
#<......#
#)...#.##...
#.@...∩.....
#.h..#.#....
#.......# .
#.......#
....###+## .....#
......# ......#


You could see a black bear (berserk).

Vanquished Creatures
  Robin (D:2)
  2 adders
  A worm (D:2)
  2 dart slugs
  5 ball pythons
  3 endoplasms
  2 giant cockroaches (D:1)
  16 goblins
  7 hobgoblins
  2 jackals (D:1)
  4 quokkas
  3 bats
  2 frilled lizards
  5 kobolds
  3 rats
58 creatures vanquished.

Vanquished Creatures (others)
  2 plants (D:3)
2 creatures vanquished.

Grand Total: 60 creatures vanquished

Notes
Turn   | Place    | Note
-------+----------+-------------------------------------------
     0 | D:1      | cyrus the Hill Orc Fighter began the quest for the Orb.
     0 | D:1      | Reached XP level 1. HP: 19/19 MP: 1/1
   139 | D:1      | Reached XP level 2. HP: 25/27 MP: 2/2
   309 | D:1      | Found a faded altar of an unknown god.
   387 | D:1      | Reached XP level 3. HP: 33/33 MP: 3/3
  1057 | D:2      | Noticed Robin
  1062 | D:2      | Reached XP level 4. HP: 32/40 MP: 4/4
  1066 | D:2      | Killed Robin
  2428 | D:3      | Found a sacrificial altar of Ru.
  3114 | D:4      | Noticed Pikel
  3114 | D:4      | Noticed a lemure
  3114 | D:4      | Noticed a lemure
  3114 | D:4      | Found Kidwic's General Store.
  3115 | D:4      | Noticed a lemure
  3196 | D:4      | Found Ugra's Distillery.
  3202 | D:4      | Noticed a black bear
  3211 | D:4      | HP: 2/41 [black bear (2)]
  3212 | D:4      | Slain by a black bear

Illustrated notes

Levels and vault maps discovered:
D:1:      ebering_trefoil_twist, layout_basic,
          hellmonk_ecumenical_altar_zigzags, lemuel_another_geyser
D:2:      layout_loops_ring, uniq_robin
D:3:      layout_loops_ring, mainiacjoe_overflow_six_doors_small,
          serial_bayou_ford_a
D:4:      layout_gridville, nicolae_hepliaklqana_hazy_memory,
          old_standard_altar, serial_shops, nicolae_stop_n_shop_2,
          nicolae_diamond_shop, nicolae_shop_crystal, nicolae_shop_waterfront,
          shop, chequers_serial_rivers_room_a, nrook_mini_vaults, uniq_pikel

Skill      XL: |  1  2  3  4 |
---------------+-------------+-----
Axes           | 3 4 |  4.4
Fighting       | 4 |  4.6
Armour         | |  3.7
Dodging        | |  0.2
Shields        | |  3.8

Action                   |  1- 3 |  4- 6 || total
-------------------------+-------+-------++-------
Melee: War axe           |    78 |    58 ||   136
  Use: Potion            |     1 |     1 ||     2
Armor: Scale mail        |    53 |    29 ||    82
       Chain mail        |       |    21 ||    21
Dodge: Dodged            |    47 |    31 ||    78
Block: Buckler           |    18 |    13 ||    31

Table legend: (Time is in decaauts)
 A = Elapsed time spent in this place.
 B = Non-inter-level travel time spent in this place.
 C = Inter-level travel time spent in this place.
 D = Time resting spent in this place.
 E = Time spent auto-exploring this place.
 F = Levels seen in this place.
 G = Mean time per level.
                   A        B        C        D        E       F      G
               +--------+--------+--------+--------+--------+-----+--------+
         Total |   3275 |   2882 |    393 |    709 |   1612 |   4 |  818.8 |
       Dungeon |   3275 |   2882 |    393 |    709 |   1612 |   4 |  818.8 |
               +--------+--------+--------+--------+--------+-----+--------+

Top non-repeatable levels by time:
     D:2: 1521 daAuts
     D:3: 1113 daAuts
     D:1: 619 daAuts
     D:4: 20 daAuts
